AoeStats
← TIMVP

Arena

509686086Analyzed
2v2 RM · 5d ago on Sep 27, 2026· 42m 16s· 4 players
Game mode
Random Map
Map size
Medium (4 player)
Population
200
Speed
Normal
Resources
Standard
Victory
Conquest
Starting age
Dark Age
Ending age
Imperial Age
RankedLock teamsTeams togetherTeam positionsShared explorationLock speedFull tech treeHidden civsTurbo modeCheats
Victory
Defeat
🇮🇹 Saxons · Italy
725
+17
🇫🇷 Burgundians · France
717
+18
🇵🇪 Danes · Peru
758
-18
🇵🇪 Huns · Peru
748
-17
riczoc
6:25 Loom
12:54 Feudal Age
13:37 Horse Collar
13:45 Double-Bit Axe
13:32 Man-at-Arms
21:49 Castle Age
20:08 Scale Mail Armor
20:41 Gold Mining
21:23 Forging
22:13 Arson
22:36 Pikeman
24:05 Bow Saw
25:16 Wheelbarrow
24:47 Caravan
25:46 Gambesons
26:45 Heavy Plow
27:46 Squires
28:48 Chain Mail Armor
30:21 Long Swordsman
32:12 Iron Casting
34:05 Hand Cart
37:02 Imperial Age
35:13 Fletching
35:36 Town Watch
37:13 Elite Varangian Guard
38:46 Plate Mail Armor
40:34 Gold Shaft Mining
40:32 Crop Rotation
40:14 Bodkin Arrow
40:45 Shield Wall
42:18 Murder Holes
42:46 Ballistics
43:02 Conscription
dr.nick
5:58 Double-Bit Axe
12:37 Feudal Age
11:10 Horse Collar
11:32 Loom
13:41 Heavy Plow
13:55 Bow Saw
14:28 Gold Mining
17:23 Gold Shaft Mining
17:11 Forging
17:54 Stone Mining
22:48 Castle Age
21:39 Stone Shaft Mining
21:32 Scale Mail Armor
23:59 Squires
24:02 Husbandry
25:18 Two-Man Saw
24:50 Crop Rotation
23:55 Pikeman
25:03 Caravan
26:41 Iron Casting
27:36 Wheelbarrow
27:03 Treadmill Crane
29:12 Burgundian Vineyards
34:14 Imperial Age
35:02 Cavalier
38:26 Conscription
40:33 Blast Furnace
39:39 Scale Barding Armor
39:50 Chain Mail Armor
39:56 Halberdier
41:02 Hand Cart
42:17 Chemistry
41:39 Ballistics
TIMVP
10:25 Loom
12:55 Feudal Age
13:26 Double-Bit Axe
14:25 Wheelbarrow
14:52 Horse Collar
19:01 Gold Mining
19:49 Stone Mining
23:25 Castle Age
24:17 Pikeman
27:07 Stone Shaft Mining
27:14 Gold Shaft Mining
27:29 Heavy Plow
31:22 Squires
32:21 Arson
32:41 Hamask
38:22 Imperial Age
36:00 Scale Mail Armor
37:55 Hand Cart
39:12 Chain Mail Armor
39:08 Forging
39:14 Siege Engineers
38:33 Capped Ram
38:39 Capped Ram
39:05 Halberdier
A†ilA
10:28 Loom
12:18 Feudal Age
16:07 Wheelbarrow
17:48 Castle Age
17:10 Bloodlines
23:53 Double-Bit Axe
28:36 Hand Cart
35:20 Pikeman
36:03 Squires
36:30 Fletching
36:41 Padded Archer Armor
38:54 Scale Barding Armor
39:05 Leather Archer Armor
38:46 Bodkin Arrow
40:11 Marauders
42:59 Imperial Age
Connection lost

Rejoining the realm…

Still unreachable

The connection could not be restored.

Session expired

The server has moved on; the page needs a fresh start.